[Event "Late-Titled-Tuesday-Blitz-February-13-2024"]
[Site "Chess.com"]
[Date "2024.02.13"]
[Round "9"]
[White "JackRodgers"]
[Black "MyDream003"]
[Result "1/2-1/2"]
[WhiteElo "2543"]
[BlackElo "2746"]
[TimeControl "180+1"]
[EndTime "15:46:39 PST"]
[Termination "Game drawn - insufficient material"]

1. d4 d5 2. Bg5 c6 3. e3 Nd7 4.
Nf3 Ngf6 5. c4 Ne4 6. Nbd2 Nxg5 7. Nxg5 e6 8. Ngf3 Bd6 9. Bd3 O-O 10. Qc2 h6 11. O-O Re8 12. e4 dxe4 13. Nxe4 Bc7 14. Rad1 Nf6 15. Ng3 Bd7 16. Ne5 Bc8 17. Ne4 Nxe4 18.
Bxe4 Qe7 19. f4 Rd8 20. Bh7+ Kh8 21. Be4 Bb6 22. c5 Bc7 23. Qe2 Bd7 24. Bc2 Be8 25.
Qe4 f5 26. Qe3 Qf6 27. Bb3 Rab8 28. Rfe1 Bh5 29. Rc1 Ba5 30. Rf1 Bc7 31. Bd1 Bxd1 32. Rcxd1 Rd5 33. Nf3 Rbd8 34. Rfe1 Re8 35. b4 a6 36. g3 Qf7 37. Ne5 Qf6 38. Nf3 Kg8 39. Re2 Bb8 40. Rde1 Rdd8 41. Qb3 Qf7 42. Rxe6 Rxe6 43.
Qxe6 Qxe6 44. Rxe6 Kf7 45. Re2 Bc7 46. Kf2 Rd5 47. Ke3 Rd8 48. Kd3 Kf6 49. a4 g5 50. Ne5 gxf4 51. gxf4 Rg8 52. Nd7+ Kf7 53. Ne5+ Kf6 54. Kc4 Rg1 55. Nd7+ Kf7 56. Ne5+ Kf6 57. d5 Rc1+ 58. Kd3 Rd1+ 59. Rd2 Rxd2+ 60. Kxd2 cxd5 61. Nd3 Ke6 62. Ke3 Bd8 63. Kf3 Bf6 64.
b5 axb5 65. axb5 Kd7 66. Ke2 Bd4 67. h3 h5 68. Kd2 Ke6 69. Kc2 Kd7 70. Kb3 Be3 71.
Ka4 Kc7 72. Kb4 Kd7 73. Kc3 Ke6 74. Kb4 Kd7 75. Ka5 Kc7 76. Ka4 Kc8 77. Kb4 Kd8 78. b6 Kd7 79. Kb5 Bd4 80. Nb4 Ke6 81. c6 bxc6+ 82.
Nxc6 Be3 83. b7 Bxf4 84. Nd4+ Kf6 85. Kc6 Bb8 86. Kxd5 f4 87. Ke4 Kg5 88. Kf3 Kh4 89.
Kg2 Kg5 90. Nc6 Bc7 91. b8=Q Bxb8 92. Nxb8 Kh4 93. Nd7 f3+ 94. Kh2 f2 95. Kg2 f1=N 96.
Kxf1 Kg3 97. Kg1 h4 98. Kh1 Kxh3 99. Nf6 Kg3 100. Nd5 h3 101. Nc3 h2 102. Nb1 Kf4 103. Na3 Ke4 104. Nc2 Ke5 105. Nb4 Ke6 106. Na6 Ke7 107. Nc5 Kf7 108. Nd3 Kg7 109. Nb4 Kh7 110. Nd5 Kh6 111. Nc3 Kh5 112. Ne4 Kh4 113. Nf2 Kg3 114. Nd3 Kf3 115. Nc1 Ke3 116. Na2 Kd2 117. Nc3 Kxc3 118. Kxh2 1/2-1/2

[Event "Late-Titled-Tuesday-Blitz-February-13-2024"]
[Site "Chess.com"]
[Date "2024.02.13"]
[Round "9"]
[White "IngOscarArdila"]
[Black "ATM622"]
[Result "0-1"]
[WhiteElo "2308"]
[BlackElo "2477"]
[TimeControl "180+1"]
[EndTime "15:46:53 PST"]
[Termination "ATM622 won on time"]

1. d4 Nf6 2. c4 e6 3. Nc3 Bb4 4. Qc2 d5 5. Bg5 Nbd7 6. Nf3 h6 7. Bxf6 Bxc3+ 8. Qxc3 Nxf6 9. e3 O-O 10. Bd3 dxc4 11. Qxc4 Rb8 12. Rc1 c6 13. O-O Qd5 14. Ne5 Qxc4 15.
Rxc4 Rd8 16. Rfc1 Bd7 17. b4 Be8 18. a4 Nd5 19. Be4 f6 20. Nd3 Nb6 21. Rc5 a6 22. Nb2 Nd7 23. R5c3 Nb6 24. a5 Nd5 25. Bxd5 exd5 26.
Nd3 b6 27. axb6 Rxb6 28. Kf1 Bg6 29. Ke2 Rd6 30. Nf4 Bf7 31. Ra1 Rd8 32. Nd3 Bg6 33.
Nc5 Ra8 34. Rca3 Rxb4 35. Rxa6 Rb2+ 36. Kf3 Rc8 37. Ra8 Rbb8 38. Rxb8 Rxb8 39. Ra6 Rc8 40.
Kf4 Bc2 41. h4 g6 42. Ra7 g5+ 43. Kg3 Re8 44. Rc7 Bd1 45. Rxc6 Kg7 46. Rc7+ Kg6 47. Rd7 h5 48. Rxd5 gxh4+ 49. Kxh4 Ra8 50. Rd7 Ra2 51. Kg3 Bg4 52. f3 Bxd7 53. Nxd7 Kg5 54. f4+ Kf5 55. Nc5 Kg6 56. Kf3 f5 57. Nd7 Kf7 58.
Ne5+ Ke6 59. Ng6 Kf6 60. Ne5 Ra1 61. Nd3 Rd1 62. Nf2 Rd2 63. Nh3 h4 64. Ng5 Kg6 65. Ne6 Kh5 66. Ng7+ Kg6 67. Ne6 Kf6 68. Nc5 Rd1 69.
Nd7+ Ke7 70. Ne5 Ke6 71. Ng6 Rh1 72. Kf2 h3 73. gxh3 Rxh3 74. Ne5 Kd5 75. Kg2 Rxe3 76. Kf2 Re4 77. Ng6 Rxd4 78. Kf3 Rd3+ 79. Kf2 Ke4 80.
Ke2 Re3+ 81. Kf2 Rf3+ 82. Kg2 Ra3 83. Kf2 Ra2+ 84. Kg3 Ke3 85. Ne5 Ke4 86. Ng6 Ra6 87. Ne5 Re6 88. Nc4 Rg6+ 89. Kf2 Kxf4 90. Ne3 Ke4 91.
Nc4 Rc6 92. Nd2+ Kf4 93. Nf3 Rc2+ 0-1

[Event "Late-Titled-Tuesday-Blitz-February-13-2024"]
[Site "Chess.com"]
[Date "2024.02.13"]
[Round "9"]
[White "kuli4ik"]
[Black "GianmarcoVaR"]
[Result "0-1"]
[WhiteElo "2844"]
[BlackElo "2742"]
[TimeControl "180+1"]
[EndTime "15:46:54 PST"]
[Termination "GianmarcoVaR won by resignation"]

1. Nf3 Nf6 2. g3 d5 3. Bg2 c6 4. O-O Bg4 5. Ne5 Bf5 6. d4 e6 7.
c4 Nbd7 8. Nc3 h6 9. Qb3 Qb6 10. Nxd7 Kxd7 11. Qd1 Bb4 12. a3 Bxc3 13. bxc3 Qa6 14.
c5 b6 15. f3 bxc5 16. e4 Bg6 17. Bf4 Nh5 18. Be3 Nf6 19. dxc5 Rhb8 20. Rf2 Ke8 21. Qd4 Rb3 22. Bxh6 gxh6 23. Qxf6 Rab8 24. h4 Qc4 25. Rc1 Qxc5 26. Rc2 h5 27. Kh2 Qe7 28. Qe5 f6 29. Qd4 e5 30. Qa4 Qd7 31. Bh3 Qd6 32. Qxa7 Rxa3 33.
Qg7 Bf7 34. Rfd2 d4 35. cxd4 exd4 36. Rxd4 Qxd4 37. Qh8+ Ke7 38. Qxb8 Rxf3 39. Bg2 Rf2 40. Qc7+ Kf8 41. Qxc6 Rxc2 42. Qxc2 Qe5 43. Qf2 Bg6 44. Qf4 Kg7 45. Qxe5 fxe5 46. Bf3 Kf6 47. Kg2 Bf7 48.
Kf2 Bg6 49. Ke3 Bf7 50. Kd3 Bg6 51. Ke3 Bf7 52. Bg2 Bg6 53. Bh3 Be8 54. Bf5 Bf7 55. Kd3 Be8 56. Kc3 Bc6 57. Kb4 Bb7 58. Kc5 Ba6 59. Kd6 Be2 60. Kd7 Bf3 61. Ke8 Be2 62.
Kf8 Bf3 63. Kg8 Be2 64. Kh7 Bf3 65. Kh6 Be2 66. Bh7 Bf3 67. Bg6 Ke6 68. Kg5 Kd6 69. Kf6 Be2 70. Bf5 Bf3 71. Kg5 Ke7 72. Bg6 Ke6 73.
Bh7 Kd6 74. Kf5 Bg4+ 75. Kf6 Bf3 76. Bf5 Bg2 77. Kg5 Bf3 78. Bg6 Ke6 79. Bxh5 Bxe4 80.
Bg6 Bxg6 81. Kxg6 e4 82. h5 e3 83. h6 e2 84. h7 e1=Q 85. h8=Q Qxg3+ 86. Kh6 Qh4+ 87. Kg7 Qg5+ 88. Kh7 Kf7 0-1

[Event "Late-Titled-Tuesday-Blitz-February-13-2024"]
[Site "Chess.com"]
[Date "2024.02.13"]
[Round "9"]
[White "N_Mullodzhanov"]
[Black "Misterfox120"]
[Result "0-1"]
[WhiteElo "2490"]
[BlackElo "2412"]
[TimeControl "180+1"]
[EndTime "15:46:55 PST"]
[Termination "Misterfox120 won by checkmate"]

1. e4 e5 2. Nf3 Nf6 3. Nc3 Nc6 4. Bc4 Nxe4 5. Bxf7+ Kxf7 6. Nxe4 d5 7. Neg5+ Kg8 8. d3 h6 9. Nh3 Bd6 10. Nhg1 Kh7 11. Bd2 Re8 12. c3 Bg4 13. h3 e4 14. dxe4 dxe4 15. Ng5+ Qxg5 16. Qxg4 Qxg4 17. hxg4 Ne5 18. g5 Nd3+ 19. Ke2 Bf4 20. gxh6 Bxd2 21. Kxd2 Nxf2 22. Rh4 gxh6 23. Ke3 Nd3 24. Rxe4 Nxb2 25. Nf3 Nc4+ 26. Kd3 Rxe4 27. Kxe4 Nd6+ 28. Kd3 Rg8 29. Re1 Rxg2 30. Re7+ Rg7 31. Re5 Rf7 32. Nd4 Kg6 33. Re6+ Kg5 34. c4 h5 35. c5 Nf5 36. Nf3+ Kf4 37.
Ne5 Rg7 38. c6 bxc6 39. Nxc6 Rd7+ 40. Ke2 Nd4+ 41. Nxd4 Rxd4 42. Ra6 h4 43. Rxa7 Rc4 44. Ra8 h3 45. Rh8 h2 46. Kd3 Ra4 47. Rxh2 Ke5 48.
Rh5+ Kd6 49. Rh2 Kc6 50. Kc3 Kb6 51. Kb3 Ra8 52. Rh5 c6 53. a4 Ra5 54. Rh6 Rg5 55. Rh4 Rg3+ 56. Kb4 Rg5 57. Rh5 Rxh5 58. Kc4 Ra5 59. Kb4 c5+ 60. Kb3 c4+ 61. Kxc4 Rxa4+ 62. Kd5 Kb5 63. Kd6 Rc4 64. Kd5 Rc1 65. Kd4 Rc8 66. Kd3 Kb4 67. Kd4 Rd8+ 68. Ke3 Kc5 69. Ke4 Rd7 70.
Ke3 Kc4 71. Ke2 Rd3 72. Kf2 Kd4 73. Ke2 Ke4 74. Kf2 Rd2+ 75. Kg3 Ra2 76. Kg4 Rg2+ 77. Kh3 Kf3 78. Kh4 Ra2 79. Kg5 Ke3 80. Kf5 Kd3 81. Ke5 Kc3 82. Kd5 Kb4 83. Ke5 Rc2 84. Kd4 Rd2+ 85.
Ke3 Rd8 86. Ke4 Kc5 87. Ke3 Kb6 88. Ke4 Ka7 89. Ke5 Ka8 90. Ke4 Kb7 91. Ke5 Kc6 92. Ke4 Kc5 93. Ke5 Re8+ 94. Kf4 Kd5 95. Kf3 Kd4 96.
Kf2 Re3 97. Kg2 Ke4 98. Kf2 Kf4 99. Kg2 Rf3 100. Kg1 Kg3 101. Kh1 Re3 102. Kg1 Rf3 103. Kh1 Ra3 104. Kg1 Ra1# 0-1

[Event "Late-Titled-Tuesday-Blitz-February-13-2024"]
[Site "Chess.com"]
[Date "2024.02.13"]
[Round "9"]
[White "djano"]
[Black "LiamPutnam2008"]
[Result "0-1"]
[WhiteElo "2664"]
[BlackElo "2844"]
[TimeControl "180+1"]
[EndTime "15:47:29 PST"]
[Termination "LiamPutnam2008 won by resignation"]

1. e4 a6 2. d4 b5 3. Bd3 Bb7 4. Nd2 e6 5. Ngf3 Nf6 6. Qe2 d5 7.
O-O dxe4 8. Nxe4 Nbd7 9. Re1 Be7 10. c3 Nxe4 11. Bxe4 Bxe4 12. Qxe4 O-O 13. Bf4 c5 14.
Rad1 Nf6 15. Qe5 c4 16. h3 Qd5 17. Qe2 Rfd8 18. Ne5 Rac8 19. Bg5 h6 20. Bh4 Rc7 21.
f4 Ne8 22. Bf2 Nd6 23. Ng4 Nf5 24. Ne3 Nxe3 25. Bxe3 b4 26. Bd2 Rb7 27. Qg4 h5 28. Qg3 bxc3 29. Bxc3 Bf6 30. Rd2 Rbd7 31. Kh2 Qf5 32.
Red1 Qe4 33. Re1 Qf5 34. Red1 Rd5 35. Qf3 g6 36. Qf1 Kg7 37. Qf3 h4 38. Qe3 Be7 39.
a3 Bd6 40. Rf1 g5 41. Kh1 Bxf4 42. Qe2 Qg6 43. Rdd1 Rc8 44. Qf3 Bg3 45. Rd2 Rf5 46. Qd1 Rxf1+ 47. Qxf1 Kh7 48. d5 exd5 49. Rxd5 Re8 50.
Rf5 Kg8 51. Rf6 Qd3 52. Rxf7 Qxf1+ 53. Rxf1 Re2 54. Rd1 Rc2 55. Kg1 Kf7 56. Kf1 Rf2+ 57.
Kg1 Ke6 58. Rf1 Re2 59. Rd1 Kf5 60. Kf1 Rf2+ 61. Kg1 Ke4 62. Rf1 Re2 63. Rd1 Re3 64. Kf1 Rd3 65. Ke2 Rxd1 66. Kxd1 Kd3 67. Bf6 Bf4 68. Bg7 Be3 69. Bf6 a5 70. Bg7 a4 71.
Bf6 Bf4 72. Bg7 Ke3 73. Ke1 Ke4 74. Ke2 Be3 75. Bf6 Bc1 76. Bc3 Kf4 77. Bf6 Kg3 78. Kf1 g4 79. hxg4 Kxg4 80. Be5 Kf5 81. Bc3 Ke4 82. Ke2 Kf4 83. Bf6 Kg3 84. Kf1 Be3 85.
Be5+ Bf4 86. Bc3 Bd6 87. Be1+ Kg4 88. Bd2 Bc5 89. Ke2 Bd4 90. Bc3 Bc5 91. Kf1 Kg3 92.
Be1+ Kg4 93. Bc3 Bb6 94. Ke2 Ba7 95. Kf1 Bb8 96. Ke2 Kf4 97. Bd2+ Ke4 98. Be1 Bg3 99. Bc3 Bf4 100. Bf6 Bg3 101. Bc3 Be5 102. Bxe5 Kxe5 103. Ke3 Kd5 104. Ke2 Ke4 105. Kd2 Kd4 106. Ke2 c3 107.
bxc3+ Kxc3 108. Kd1 Kb2 109. Kd2 Kb3 110. Kd3 Kxa3 111.
Kc3 Ka2 112. Kc2 a3 113. Kc3 Kb1 114. Kb3 a2 115. Ka3 a1=Q+ 0-1

[Event "Late-Titled-Tuesday-Blitz-February-13-2024"]
[Site "Chess.com"]
[Date "2024.02.13"]
[Round "10"]
[White "annasargsyan_m"]
[Black "jcibarra"]
[Result "0-1"]
[WhiteElo "2597"]
[BlackElo "2905"]
[TimeControl "180+1"]
[EndTime "15:49:52 PST"]
[Termination "jcibarra won by resignation"]

1. d4 Nf6 2. c4 d6 3. g3 e5 4. Bg2 exd4 5. Qxd4 Nc6 6. Qe3+ Be6 7. Nc3 Be7 8. b3 d5 9. cxd5 Nxd5 10. Nxd5 Bxd5 11. Nf3 Nb4 12. O-O Nc2 13. Qc3 Nxa1 14. Qxa1 Bf6 15. Qb1 Qe7 16. Bf4 O-O 17. Rc1 Be4 0-1

[Event "Late-Titled-Tuesday-Blitz-February-13-2024"]
[Site "Chess.com"]
[Date "2024.02.13"]
[Round "10"]
[White "Miguelito"]
[Black "Payyappat"]
[Result "1-0"]
[WhiteElo "2771"]
[BlackElo "2573"]
[TimeControl "180+1"]
[EndTime "15:50:45 PST"]
[Termination "Miguelito won by resignation"]

1. e4 c6 2. d4 d5 3. exd5 cxd5 4. Nf3 Nc6 5. c3 Nf6 6. Bf4 Bf5 7. Qb3 Qd7 8. Ne5 Nxe5 9. dxe5 Qe6 10. Qxb7 Rd8 11.
Na3 g5 12. Nb5 Rc8 13. Nc7+ Rxc7 14. Qxc7 gxf4 15. Bb5+ 1-0

[Event "Late-Titled-Tuesday-Blitz-February-13-2024"]
[Site "Chess.com"]
[Date "2024.02.13"]
[Round "10"]
[White "MyDream003"]
[Black "tgpgoat"]
[Result "0-1"]
[WhiteElo "2734"]
[BlackElo "2560"]
[TimeControl "180+1"]
[EndTime "15:50:53 PST"]
[Termination "tgpgoat won by resignation"]

1. e4 c5 2. Nf3 e6 3. d3 d6 4. Be2 Nf6 5. O-O Be7 6. Nbd2 O-O 7. c3 Nc6 8. Qc2 Rb8 9. b3 b5 10.
Bb2 Nd7 11. Rac1 Bf6 12. Rfd1 b4 13. c4 Bxb2 14. Qxb2 e5 15. Nf1 a5 16. Ne3 Nb6 17. Nd2 a4 18. Bg4 Bxg4 19. Nxg4 Nd4 20. Ra1 a3 21.
Qb1 Ne2+ 22. Kh1 Nc3 23. Qc2 Nxd1 24. Rxd1 Nc8 25. Ne3 Ne7 26. Nf3 f5 27. exf5 Nxf5 28. Nd5 Kh8 29. Qd2 Qe8 30. Qe2 Qh5 31. Qe4 Nd4 32. Ng5 0-1

[Event "Late-Titled-Tuesday-Blitz-February-13-2024"]
[Site "Chess.com"]
[Date "2024.02.13"]
[Round "10"]
[White "pfalcon1949"]
[Black "szefru"]
[Result "0-1"]
[WhiteElo "1962"]
[BlackElo "2259"]
[TimeControl "180+1"]
[EndTime "15:50:58 PST"]
[Termination "szefru won by checkmate"]

1. e4 e5 2. Nf3 Nc6 3. Nc3 Nf6 4. Nxe5 Nxe5 5. d4 Ng6 6. e5 Ng8 7. Bc4 d5 8. Bxd5 c6 9. Bb3 Be6 10. O-O N8e7 11. Ne4 Nf5 12. Bxe6 fxe6 13. c3 Be7 14. g4 Nfh4 15. f4 O-O 16. Be3 Qd5 17. Ng3 Qg2# 0-1

[Event "Late-Titled-Tuesday-Blitz-February-13-2024"]
[Site "Chess.com"]
[Date "2024.02.13"]
[Round "10"]
[White "ahmedkandiliii"]
[Black "egnfanclub"]
[Result "0-1"]
[WhiteElo "2550"]
[BlackElo "2383"]
[TimeControl "180+1"]
[EndTime "15:51:01 PST"]
[Termination "egnfanclub won by checkmate"]

1. e4 e5 2. Nf3 Nc6 3. Bb5 a6 4.
Ba4 d6 5. O-O Bg4 6. c3 Qf6 7.
h3 h5 8. d3 Ne7 9. Nbd2 Ng6 10. Qb3 b5 11. hxg4 hxg4 12. Bxb5 axb5 13. Qxb5 Ne7 14.
d4 Qh6 15. Re1 Qh1# 0-1

[Event "Late-Titled-Tuesday-Blitz-February-13-2024"]
[Site "Chess.com"]
[Date "2024.02.13"]
[Round "10"]
[White "ozates"]
[Black "elchacal664"]
[Result "1-0"]
[WhiteElo "2585"]
[BlackElo "2421"]
[TimeControl "180+1"]
[EndTime "15:51:12 PST"]
[Termination "ozates won by resignation"]

1. e4 d5 2. e5 c5 3. Nf3 a6 4. h3 Bf5 5. c3 e6 6. d4 Nc6 7. Be2 cxd4 8. cxd4 Bxb1 9. Rxb1 Qa5+ 10. Bd2 Qxa2 11.
Ra1 Qxb2 12. Rb1 Qa3 13. Rxb7 Nge7 14. O-O Nf5 15. Qc2 Ncxd4 16. Nxd4 Nxd4 17. Qc7 Nxe2+ 18. Kh1 Be7 19. Qc6+ Kf8 20. Rxe7 Kxe7 21. Qb7+ Kd8 22. Qxa8+ 1-0

[Event "Late-Titled-Tuesday-Blitz-February-13-2024"]
[Site "Chess.com"]
[Date "2024.02.13"]
[Round "10"]
[White "PNEPaul"]
[Black "MoreChessJulia"]
[Result "1-0"]
[WhiteElo "1900"]
[BlackElo "2018"]
[TimeControl "180+1"]
[EndTime "15:51:15 PST"]
[Termination "PNEPaul won by resignation"]

1. e4 c5 2. d4 cxd4 3. c3 d5 4. exd5 Qxd5 5. cxd4 Nf6 6. Nf3 e6 7. Nc3 Qd8 8. Be2 Be7 9. O-O O-O 10. h3 b6 11. Be3 Bb7 12. Qd2 Nbd7 13. Rfd1 a6 14. Rac1 b5 15. a3 Nb6 16. Ne5 Rc8 17. f4 Nbd5 18.
Nxd5 Nxd5 19. Bf2 Rxc1 20. Rxc1 Bd6 21. Bf3 f6 22. Ng4 Bxf4 23. Qe1 Bxc1 24. Qxc1 Qd7 25. Qe1 Nf4 26. Be3 Bxf3 27. gxf3 Nd5 28. Bf2 Nf4 29. Kh2 h5 30. Ne3 Qxd4 31. Nf5 Qd6 32. Nxd6 1-0

[Event "Late-Titled-Tuesday-Blitz-February-13-2024"]
[Site "Chess.com"]
[Date "2024.02.13"]
[Round "10"]
[White "subham777"]
[Black "TanitoluwaAps116"]
[Result "0-1"]
[WhiteElo "2534"]
[BlackElo "2770"]
[TimeControl "180+1"]
[EndTime "15:51:24 PST"]
[Termination "TanitoluwaAps116 won by resignation"]

1. e4 c5 2. Nf3 e6 3. g3 Nc6 4. Bg2 Nf6 5. d3 d5 6. exd5 exd5 7. O-O Be7 8. c3 O-O 9. d4 Bg4 10. dxc5 Bxc5 11. Nbd2 Ne4 12. Nb3 Bb6 13. h3 Bh5 14. g4 Bg6 15. Nfd4 Qf6 16. Be3 Ne5 17. Nc2 Bc7 18.
Bd4 Qf4 19. f3 Qh2+ 0-1

[Event "Late-Titled-Tuesday-Blitz-February-13-2024"]
[Site "Chess.com"]
[Date "2024.02.13"]
[Round "10"]
[White "VitorBronson"]
[Black "Heinza9"]
[Result "1-0"]
[WhiteElo "2495"]
[BlackElo "2286"]
[TimeControl "180+1"]
[EndTime "15:51:26 PST"]
[Termination "VitorBronson won by resignation"]

1. d4 f5 2. g4 d5 3. h3 Nf6 4.
Nc3 fxg4 5. Bg5 Bf5 6. hxg4 Bxg4 7. Qd3 Qd7 8. f3 Bf5 9. e4 dxe4 10. fxe4 Bg6 11. O-O-O Nc6 12. d5 Ne5 13. Qg3 Nf7 14. Bb5 c6 15. dxc6 Qxd1+ 16. Kxd1 O-O-O+ 17. Kc1 e5 18. cxb7+ Kxb7 19. Nf3 Bb4 20. Nxe5 Bd6 21. Bf4 Nxe5 22.
Bxe5 Nh5 23. Rxh5 Bxh5 24. Bxd6 Bg6 25. e5 1-0

[Event "Late-Titled-Tuesday-Blitz-February-13-2024"]
[Site "Chess.com"]
[Date "2024.02.13"]
[Round "10"]
[White "Tolya2"]
[Black "Burgsvik"]
[Result "1-0"]
[WhiteElo "2496"]
[BlackElo "2329"]
[TimeControl "180+1"]
[EndTime "15:51:44 PST"]
[Termination "Tolya2 won by resignation"]

1. Nf3 c5 2. c4 Nc6 3. d4 cxd4 4. Nxd4 g6 5. Nc3 Bg7 6. Nb3 Nf6 7. g3 O-O 8. Bg2 d6 9. O-O Be6 10. c5 Bxb3 11.
Qxb3 dxc5 12. Qxb7 Nd4 13. Qxa8 Qxa8 14. Bxa8 Rxa8 15.
Rd1 e5 16. e3 Nc2 17. Rb1 c4 18. b3 Rb8 19. bxc4 Rc8 20. Nd5 Nxd5 21. cxd5 e4 22.
Bb2 Bf8 23. Rbc1 Rc4 24. Rd2 1-0

[Event "Late-Titled-Tuesday-Blitz-February-13-2024"]
[Site "Chess.com"]
[Date "2024.02.13"]
[Round "10"]
[White "Lion-Al-Messi"]
[Black "Supelyel"]
[Result "1-0"]
[WhiteElo "2561"]
[BlackElo "2405"]
[TimeControl "180+1"]
[EndTime "15:51:55 PST"]
[Termination "Lion-Al-Messi won by resignation"]

1. e4 d6 2. d4 Nf6 3. Nc3 e5 4. Nf3 Nbd7 5. Bc4 Be7 6. O-O O-O 7. Re1 c6 8. a4 h6 9. b3 b6 10. Ba3 a6 11. dxe5 dxe5 12. Bd6 Bb7 13. Nxe5 b5 14.
Bxe7 Qxe7 15. Ng6 Qb4 16. Nxf8 Nxf8 17. e5 N6h7 18. e6 bxc4 19. e7 Ne6 20. Rxe6 fxe6 21. Qd8+ Rxd8 22. exd8=Q+ Nf8 23. Qd4 c5 24. Qxc4 Qb6 25.
Re1 Qc6 26. f3 Kf7 27. Ne4 Nd7 28. Rd1 Qc8 29. Nd6+ 1-0

[Event "Late-Titled-Tuesday-Blitz-February-13-2024"]
[Site "Chess.com"]
[Date "2024.02.13"]
[Round "10"]
[White "BeardedNM"]
[Black "rikchessmx"]
[Result "1-0"]
[WhiteElo "2164"]
[BlackElo "2283"]
[TimeControl "180+1"]
[EndTime "15:52:14 PST"]
[Termination "BeardedNM won by checkmate"]

1. e4 c5 2. Nf3 e6 3. d4 cxd4 4.
Nxd4 a6 5. Bd3 Qc7 6. Qe2 Nf6 7. Nc3 h5 8. e5 Ng4 9. Bf4 d6 10. exd6 Bxd6 11. Bxd6 Qxd6 12. O-O-O Qf4+ 13. Kb1 Qxf2 14. Qe4 Nf6 15. Qe5 Nbd7 16. Qd6 Qe3 17. Rhe1 Qg5 18.
h4 Qc5 19. Rxe6+ fxe6 20. Bg6+ Kd8 21. Nxe6# 1-0

[Event "Late-Titled-Tuesday-Blitz-February-13-2024"]
[Site "Chess.com"]
[Date "2024.02.13"]
[Round "10"]
[White "gunslinger222"]
[Black "terrortoast"]
[Result "0-1"]
[WhiteElo "2272"]
[BlackElo "2478"]
[TimeControl "180+1"]
[EndTime "15:52:15 PST"]
[Termination "terrortoast won by resignation"]

1. d4 Nf6 2. Bg5 d5 3. Nf3 Ne4 4. Bf4 c5 5. Nbd2 Nc6 6. dxc5 Qa5 7. e3 Bg4 8. Be2 e6 9. O-O Nxd2 10. Nxd2 Bxe2 11. Qxe2 Bxc5 12. a3 Be7 13. b4 Qb6 14. c4 O-O 15. cxd5 exd5 16. Nb3 Bf6 17. Rad1 Rad8 18. h3 Rfe8 19. Qf3 d4 20. exd4 Nxd4 21. Nxd4 Bxd4 22. Rfe1 h6 23. Re7 Rxe7 0-1

[Event "Late-Titled-Tuesday-Blitz-February-13-2024"]
[Site "Chess.com"]
[Date "2024.02.13"]
[Round "10"]
[White "LiamPutnam2008"]
[Black "Malev212"]
[Result "1-0"]
[WhiteElo "2849"]
[BlackElo "2693"]
[TimeControl "180+1"]
[EndTime "15:52:22 PST"]
[Termination "LiamPutnam2008 won by resignation"]

1. e4 c5 2. Nf3 d6 3. d4 cxd4 4.
Nxd4 Nf6 5. Nc3 g6 6. Be3 Bg7 7. f3 a6 8. Qd2 h6 9. O-O-O h5 10.
Kb1 Nbd7 11. Bc4 b5 12. Bb3 Nc5 13. Rhe1 Bd7 14. Bg5 b4 15. Nd5 Nxb3 16. Nxb3 O-O 17. Nxf6+ exf6 18. Bh6 Bxh6 19. Qxh6 a5 20. Rxd6 a4 21.
Nd2 Qe7 22. e5 Be6 23. Ne4 fxe5 24. Ng5 f6 25. Qxg6+ Kh8 26. Qh6+ Kg8 27. Rxe6 1-0

[Event "Late-Titled-Tuesday-Blitz-February-13-2024"]
[Site "Chess.com"]
[Date "2024.02.13"]
[Round "10"]
[White "korkmaz16"]
[Black "Grossboss19"]
[Result "1-0"]
[WhiteElo "2460"]
[BlackElo "2611"]
[TimeControl "180+1"]
[EndTime "15:52:28 PST"]
[Termination "korkmaz16 won by resignation"]

1. e4 c5 2. Nc3 Nc6 3. f4 Nf6 4. Nf3 e6 5. e5 Nd5 6. Nxd5 exd5 7. d4 d6 8. c3 dxe5 9. Nxe5 Nxe5 10. fxe5 Be7 11. Bd3 O-O 12. O-O f5 13. exf6 Bxf6 14. dxc5 a5 15. Bf4 Be7 16. Qh5 Bxc5+ 17. Kh1 h6 18. Qg6 Rf6 19. Qh7+ Kf7 20. Bxh6 Bf8 21. Rxf6+ Qxf6 22. Rf1 Be6 23. Qg6+ Ke7 24. Bg5 Kd6 25. Bxf6 gxf6 26. Rxf6 1-0

[Event "Late-Titled-Tuesday-Blitz-February-13-2024"]
[Site "Chess.com"]
[Date "2024.02.13"]
[Round "10"]
[White "The_Straightforward_Rook"]
[Black "Viktor_Poddubnyi"]
[Result "1-0"]
[WhiteElo "2438"]
[BlackElo "2277"]
[TimeControl "180+1"]
[EndTime "15:52:40 PST"]
[Termination "The_Straightforward_Rook won by resignation"]

1. Nf3 g6 2. d4 Bg7 3. e4 d6 4. Bd3 Nf6 5. O-O Nc6 6. Re1 Bg4 7. c3 e5 8. d5 Ne7 9. Nbd2 O-O 10. a4 a5 11. h3 Bd7 12. Nf1 Nh5 13. Ng3 Nf4 14.
Bc2 h6 15. Nh2 h5 16. Bxf4 exf4 17. Ne2 Bh6 18. Nd4 g5 19. Qxh5 Kg7 20. Nf5+ Bxf5 21. exf5 Nxd5 22. Ng4 Rh8 23. Bb3 c6 24. Bxd5 cxd5 25.
f6+ Kf8 26. Re7 1-0

[Event "Late-Titled-Tuesday-Blitz-February-13-2024"]
[Site "Chess.com"]
[Date "2024.02.13"]
[Round "10"]
[White "Hilary46"]
[Black "MusicCityMaster"]
[Result "1-0"]
[WhiteElo "2613"]
[BlackElo "2459"]
[TimeControl "180+1"]
[EndTime "15:52:46 PST"]
[Termination "Hilary46 won by resignation"]

1. Nf3 Nf6 2. g3 b5 3. Bg2 Bb7 4. O-O e6 5. b3 d5 6. Bb2 Be7 7. d3 O-O 8. Nbd2 c5 9. c4 a6 10. cxd5 exd5 11. Rc1 Nbd7 12. Re1 Re8 13. e4 dxe4 14.
Nxe4 Rc8 15. Nfg5 Nxe4 16. Nxe4 Qb6 17. Qg4 Bf8 18. Qxd7 Bc6 19. Nf6+ gxf6 20. Qg4+ Bg7 21. Bxf6 1-0

[Event "Late-Titled-Tuesday-Blitz-February-13-2024"]
[Site "Chess.com"]
[Date "2024.02.13"]
[Round "10"]
[White "Jamal-Jamal-Jamal"]
[Black "cukricek"]
[Result "0-1"]
[WhiteElo "2273"]
[BlackElo "2466"]
[TimeControl "180+1"]
[EndTime "15:53:01 PST"]
[Termination "cukricek won by checkmate"]

1. d4 Nf6 2. Nf3 g6 3. g3 Bg7 4. Bg2 O-O 5. O-O c5 6. d5 d6 7.
c4 Na6 8. Nc3 Nc7 9. Qc2 a6 10.
a4 e6 11. e4 Rb8 12. h3 b5 13. axb5 axb5 14. Rd1 exd5 15. exd5 bxc4 16. Bf4 Bf5 17. Qd2 Ne4 18. Qc1 Rxb2 19. Qxb2 Nxc3 20. Qb6 Ne2+ 21. Kh2 Nxf4 22. gxf4 Bxa1 23. Rxa1 Nxd5 24. Qc6 Nxf4 25. Ng5 Qxg5 26. Ra7 Qxg2+ 27. Qxg2 Nxg2 28. Kxg2 c3 29. Ra1 c2 30. Rc1 Rb8 31. h4 Rb1 32. h5 Rxc1 33.
h6 Rd1 34. f4 Rd3 35. Kf2 c1=Q 36. Ke2 Qc2+ 37. Ke1 Rd1# 0-1

[Event "Late-Titled-Tuesday-Blitz-February-13-2024"]
[Site "Chess.com"]
[Date "2024.02.13"]
[Round "10"]
[White "BozeKat"]
[Black "BabageldiAnnaberdiyev"]
[Result "0-1"]
[WhiteElo "2066"]
[BlackElo "2606"]
[TimeControl "180+1"]
[EndTime "15:53:01 PST"]
[Termination "BabageldiAnnaberdiyev won by checkmate"]

1. d4 Nf6 2. Nf3 g6 3. c4 Bg7 4. e3 O-O 5. Be2 d6 6. O-O Nbd7 7. Qc2 e5 8. Rd1 e4 9. Nfd2 Re8 10. Nc3 Qe7 11.
b4 c6 12. a4 Nf8 13. Ba3 Bf5 14. b5 h5 15. a5 a6 16. Rdb1 h4 17. h3 N8h7 18.
bxc6 bxc6 19. Rb6 Rec8 20. Rab1 Ng5 21. Bf1 Ra7 22. Qa4 Qd7 23. Qb4 Bf8 24. Rb7 Rxb7 25. Qxb7 Rc7 26. Qxa6 Bxh3 27. gxh3 Nxh3+ 28. Bxh3 Qxh3 29. Nf1 Qg4+ 30. Kh2 Qf3 31. Rb2 h3 32. Nxe4 Qg2# 0-1

[Event "Late-Titled-Tuesday-Blitz-February-13-2024"]
[Site "Chess.com"]
[Date "2024.02.13"]
[Round "10"]
[White "dawid498"]
[Black "SHIVACalypso"]
[Result "1-0"]
[WhiteElo "2703"]
[BlackElo "2519"]
[TimeControl "180+1"]
[EndTime "15:53:04 PST"]
[Termination "dawid498 won by resignation"]

1. e4 e6 2. d4 d5 3. e5 f6 4. Bd3 c5 5. Qh5+ Ke7 6. dxc5 Nc6 7. Nf3 Nxe5 8. Nxe5 fxe5 9. Qxe5 Nf6 10. O-O Kf7 11. Be3 Be7 12. Nd2 Rf8 13. Nf3 h6 14. Qg3 Kg8 15.
Bxh6 Nh5 16. Qg6 Rxf3 17. gxf3 Bf6 18. Qxh5 gxh6 19. Kh1 Bg7 20. Rg1 Qf6 21. Rg6 Qxf3+ 22.
Qxf3 1-0